 Dungeon Crawl Stone Soup version 0.30.0-18-gc0e69614cb (webtiles) character file.

Game seed: 3221338639720378963

32 cheesebisquit the Trooper (level 3, 0/39 HPs)
             Began as an Ogre Warper on May 24, 2023.
             Slain by Sigmund
             ... wielding a +2 scythe of freezing
              (4 damage)
             ... on level 2 of the Dungeon.
             The game lasted 00:04:00 (1958 turns).

cheesebisquit the Trooper (Ogre Warper)             Turns: 1958, Time: 00:04:00

Health: 0/39       AC:  3    Str: 17    XL:     3   Next: 27%
Magic:  6/6        EV:  9    Int: 14    God:
Gold:   52         SH:  0    Dex:  8    Spells: 2/6 levels left

rFire   . . .        a - +0 mace
rCold   . . .        (no shield)
rNeg    . . .        b - +0 robe
rPois   .            (helmet restricted)
rElec   .            (no cloak)
rCorr   .            (gloves unavailable)
SInv    .            (boots unavailable)
Will    .....        (no amulet)
Stlth   +            (no ring)
HPRegen 0.26/turn    (no ring)
MPRegen 0.10/turn

%: no passive effects
@: no status effects
A: large, unfitting armour, tough skin 1
a: no special abilities


You were on level 2 of the Dungeon.
You visited 1 branch of the dungeon, and saw 2 of its levels.

You collected 52 gold pieces.

Inventory:

Hand Weapons
 a - a +0 mace (weapon)
Missiles
 d - 7 boomerangs of dispersal (quivered)
Armour
 b - a +0 robe (worn)
Scrolls
 c - 2 scrolls of blinking
 e - 3 scrolls of teleportation {unknown}
 g - a scroll of fear {unknown}
Potions
 f - a potion of attraction {unknown}
 h - a potion of haste {unknown}
 i - a potion of mutation {unknown}


   Skills:
 + Level 3.8 Fighting
 + Level 2.5 Maces & Flails
 - Level 1.0 Throwing
 - Level 2.1 Dodging
 + Level 2.4 Spellcasting
 + Level 2.7 Translocations


You had 2 spell levels left.
You knew the following spells:

 Your Spells              Type           Power      Damage    Failure   Level
a - Blink                 Tloc           18%        N/A       11%         2
b - Lesser Beckoning      Tloc           18%        N/A       11%         2

Your spell library contained the following spells:

 Spells                   Type           Power      Damage    Failure   Level
 Teleport Other           Tloc           9%         N/A       22%         3
 Vhi's Electric Charge    Tloc/Air       10%        N/A       36%         3
 Manifold Assault         Tloc           9%         N/A       58%         4


Dungeon Overview and Level Annotations

Branches:
Dungeon (2/15)

Altars:

Shops:
D:1 *

Annotations:
D:2 Sigmund


Innate Abilities, Weirdness & Mutations

You are too large for most types of armour.
You have tough skin. (AC +1)


Message History

You kill the ball python!
No target in view!
No target in view!
No target in view!
No target in view!
No target in view!
No target in view!
A goblin comes into view. It is wielding a +0 club.
The goblin shouts!
You see here a ball python corpse.
A goblin is nearby!
You sock the goblin!
You kill the goblin!
Jessica the Apprentice Sorceress comes into view.
She is wielding a +0 club.
Jessica shouts!
Things that are here:
a +0 club; a goblin corpse Jessica mumbles some strange words.
Jessica seems to speed up.
Sigmund the Dreaded comes into view.
He is wielding a +2 scythe of freezing.
Sigmund shouts!
Jessica hits you with a +0 club. Jessica closely misses you.
You barely miss Jessica.
Sigmund screams, "I am the angel of ZOT!!!"
Jessica barely misses you.
You hit Jessica.
Jessica is lightly wounded.
Jessica points at you and mumbles some strange words.
Pain shoots through your body! Jessica hits you with a +0 club.
Jessica hits you with a +0 club.
You hit Jessica.
Jessica is severely wounded.
Jessica barely misses you. x2
You hit Jessica.
You kill Jessica!
Sigmund says, "I'm your fate."
Sigmund hits you from afar with a +2 scythe of freezing!
* * * LOW HITPOINT WARNING * * *
Sigmund freezes you.
You die...

#...#.............
#####...#.........<...
#.......#.........#...
#.....!.......†.......
#...$.†...............
#.....................
#....)#...............
#.....#...............
#....@#...........#...
#...).#..........##...
#....@###$...###.##...
###.... .....# #..#...
#..........# ##.....
#..........# ####..
#...:......# #.#
#..........# #.
#......... #.


You could see Sigmund.

Vanquished Creatures
  Jessica (D:2)
  4 ball pythons
  2 bats (D:1)
  5 endoplasms
  2 giant cockroaches (D:1)
  4 hobgoblins
  2 jackals (D:1)
  A kobold (D:1)
  A quokka (D:1)
  A frilled lizard (D:1)
  2 goblins
  2 rats
27 creatures vanquished.

Notes
Turn   | Place    | Note
-------+----------+-------------------------------------------
     0 | D:1      | cheesebisquit the Ogre Warper began the quest for the Orb.
     0 | D:1      | Reached XP level 1. HP: 22/22 MP: 3/3
    70 | D:1      | Reached skill level 3 in Fighting
   100 | D:1      | Reached XP level 2. HP: 28/31 MP: 5/5
   434 | D:1      | Found Ketynt's General Store.
   576 | D:1      | Found a faded altar of an unknown god.
   958 | D:1      | Reached XP level 3. HP: 39/39 MP: 6/6
  1636 | D:1      | Found Ketynt's General Store.
  1738 | D:1      | Found a faded altar of an unknown god.
  1825 | D:1      | Learned a level 2 spell: Blink
  1828 | D:1      | Learned a level 2 spell: Lesser Beckoning
  1949 | D:2      | Noticed Jessica
  1953 | D:2      | Noticed Sigmund
  1958 | D:2      | Killed Jessica
  1958 | D:2      | Slain by Sigmund

Illustrated notes

Levels and vault maps discovered:
D:1:      amcnicky_arrival_gap_in_the_tavern_cellar, layout_loops_corners,
          shapermc_ecumenical_altar_petra, serial_shops, nicolae_diamond_shop
D:2:      layout_basic, uniq_sigmund, uniq_jessica

Skill      XL: |  1 |
---------------+----+-----
Fighting       | 3 |  3.8
Maces & Flails | 2 |  2.5
Throwing       | |  1.0
Dodging        | |  2.1
Spellcasting   | |  2.4
Translocations | |  2.7

Action                     || total
---------------------------++-------
  Melee: Mace              ||    94
         Punch             ||     2
 Armour: Robe              ||    41
  Dodge: Dodged            ||    66
